SA
PHOENIX HOTSPUR U-21 @ KENNESAW JETS
08/07/2026
 
TOP OF THE 1ST
Phoenix Hotspur U-21 batting - Pitching for Kennesaw Jets : RHP Roger Murdock
Pitching: RHP Roger Murdock
Batting: RHB Solomon Norment 0-0: Ball
1-0: Swinging Strike
1-1: Called Strike
1-2: Ball
2-2: Strikes out swinging
Batting: LHB Tyler Kinjeketile 0-0: Ball
1-0: Swinging Strike
1-1: Fly out, F8 (Flyball, 8RS)
Batting: RHB Elvis Norfleet 0-0: Swinging Strike
0-1: Ball
1-1: Foul Ball, location: 2F
1-2: Strikes out swinging
Top of the 1st over - 0 run(s), 0 hit(s), 0 error(s), 0 left on base; Phoenix 0 - Kennesaw 0
BOTTOM OF THE 1ST
Kennesaw Jets batting - Pitching for Phoenix Hotspur U-21 : LHP José Santiago
Pitching: LHP José Santiago
Batting: RHB Raúl Francisco 0-0: Called Strike
0-1: Ball
1-1: SINGLE (Groundball, 6MD)
Batting: LHB Manuel Márquez 0-0: Ball
1-0: Called Strike
1-1: SINGLE (Line Drive, 8RS)
Raúl Francisco to second
Batting: RHB Enoch Reinhardt 0-0: Foul Ball, location: 2F
0-1: SINGLE (Groundball, 34D)
Raúl Francisco to third
Manuel Márquez to second
Runner from 3rd tries for Home, SAFE, no throw
Batting: LHB Pedro Corona 0-0: Called Strike
0-1: SINGLE (Flyball, 7S)
Manuel Márquez to third
Enoch Reinhardt to second
Batting: RHB Vic Richards 0-0: Ball
1-0: Ball
2-0: Ball
3-0: Base on Balls
Manuel Márquez scores
Enoch Reinhardt to third
Pedro Corona to second
Batting: SHB Pat Sargent 0-0: Swinging Strike
0-1: Ball
1-1: Called Strike
1-2: Ball
2-2: Grounds into double play, 6-4-3 (Groundball, 6)
Enoch Reinhardt scores
Pedro Corona to third
Batting: RHB Omar Durán 0-0: SINGLE (Groundball, 34D)
Pedro Corona scores
Batting: RHB Bartolo Rosas 0-0: Called Strike
0-1: Swinging Strike
0-2: Ball
1-2: Fly out, F9 (Flyball, 9LSF)
Bottom of the 1st over - 4 run(s), 5 hit(s), 0 error(s), 1 left on base; Phoenix 0 - Kennesaw 4
TOP OF THE 2ND
Phoenix Hotspur U-21 batting - Pitching for Kennesaw Jets : RHP Roger Murdock
Batting: SHB Huey Wood 0-0: Foul Ball, location: 2F
0-1: Swinging Strike
0-2: Foul Ball, location: 2F
0-2: Foul Ball, location: 2F
0-2: Strikes out swinging
Batting: RHB Julián De Paz 0-0: Called Strike
0-1: Ball
1-1: Called Strike
1-2: Strikes out looking
Batting: RHB Juan Negrete 0-0: Called Strike
0-1: Ball
1-1: Foul Ball, location: 2F
1-2: Ball
2-2: Ball
3-2: Foul Ball, location: 2F
3-2: Ground out 5-3 (Groundball, 56)
Top of the 2nd over - 0 run(s), 0 hit(s), 0 error(s), 0 left on base; Phoenix 0 - Kennesaw 4
BOTTOM OF THE 2ND
Kennesaw Jets batting - Pitching for Phoenix Hotspur U-21 : LHP José Santiago
Batting: RHB Gerardo Maldonado 0-0: Ball
1-0: Ball
2-0: Foul Ball, location: 2F
2-1: Ball
3-1: Foul Ball, location: 2F
3-2: Foul Ball, location: 2F
3-2: Foul Ball, location: 2F
3-2: Strikes out swinging
Batting: RHB Raúl Francisco 0-0: Ground out 6-3 (Groundball, 56)
Batting: LHB Manuel Márquez 0-0: Ball
1-0: Called Strike
1-1: Ball
2-1: Foul Ball, location: 2F
2-2: Reached on error, E3 (Groundball, 34)
Batting: RHB Enoch Reinhardt 0-0: Ball
Manuel Márquez is caught stealing 2nd base
Bottom of the 2nd over - 0 run(s), 0 hit(s), 1 error(s), 0 left on base; Phoenix 0 - Kennesaw 4
TOP OF THE 3RD
Phoenix Hotspur U-21 batting - Pitching for Kennesaw Jets : RHP Roger Murdock
Batting: RHB Germán Alfaro 0-0: Ground out 6-3 (Groundball, 56)
Batting: LHB Corey Ferguson 0-0: Ball
1-0: DOUBLE (Groundball, 3L) - OUT at third base trying to stretch hit.
Batting: RHB Bill Erickson 0-0: Foul Ball, location: 2F
0-1: Called Strike
0-2: Ball
1-2: Ball
2-2: Foul Ball, location: 2F
2-2: Ball
3-2: DOUBLE (Groundball, 5L)
Batting: RHB Solomon Norment 0-0: Called Strike
0-1: Foul Ball, location: 2F
0-2: Ball
Wild Pitch!
Bill Erickson to third
1-2: Ball
2-2: Fly out, F9 (Line Drive, 9)
Top of the 3rd over - 0 run(s), 2 hit(s), 0 error(s), 1 left on base; Phoenix 0 - Kennesaw 4
BOTTOM OF THE 3RD
Kennesaw Jets batting - Pitching for Phoenix Hotspur U-21 : LHP José Santiago
Batting: RHB Enoch Reinhardt 0-0: Ball
1-0: Ball
2-0: Ball
3-0: SINGLE (Line Drive, 5D)
Batting: LHB Pedro Corona 0-0: Ball
1-0: Ball
2-0: Swinging Strike
2-1: Foul Ball, location: 2F
2-2: Ball
3-2: Strikes out swinging
Batting: RHB Vic Richards 0-0: DOUBLE (Flyball, 78D)
Enoch Reinhardt to third
Batting: SHB Pat Sargent 0-0: Ball
1-0: Fly out, F4 (Popup, 4)
Batting: RHB Omar Durán 0-0: Called Strike
0-1: Ball
1-1: Ball
2-1: Swinging Strike
2-2: Fly out, F9 (Flyball, 9)
Bottom of the 3rd over - 0 run(s), 2 hit(s), 0 error(s), 2 left on base; Phoenix 0 - Kennesaw 4
TOP OF THE 4TH
Phoenix Hotspur U-21 batting - Pitching for Kennesaw Jets : RHP Roger Murdock
Batting: LHB Tyler Kinjeketile 0-0: Ball
1-0: Fly out, F4 (Line Drive, 4)
Batting: RHB Elvis Norfleet 0-0: Ball
1-0: Ball
2-0: Called Strike
2-1: Ball
3-1: Foul Ball, location: 2F
3-2: Base on Balls
Batting: SHB Huey Wood 0-0: Fly out, F3 (Line Drive, 3)
Lined into DP, U3 (Line Drive, 3)
Top of the 4th over - 0 run(s), 0 hit(s), 0 error(s), 0 left on base; Phoenix 0 - Kennesaw 4
BOTTOM OF THE 4TH
Kennesaw Jets batting - Pitching for Phoenix Hotspur U-21 : LHP José Santiago
Batting: RHB Bartolo Rosas 0-0: Fly out, F7 (Flyball, 7)
Batting: RHB Gerardo Maldonado 0-0: Ball
1-0: Ball
2-0: Ball
3-0: SINGLE (Groundball, 6MD)
Batting: RHB Raúl Francisco 0-0: Called Strike
0-1: Called Strike
0-2: Ball
1-2: Ball
2-2: Strikes out swinging
Batting: LHB Manuel Márquez 0-0: Ground out 4-3 (Groundball, 34)
Bottom of the 4th over - 0 run(s), 1 hit(s), 0 error(s), 1 left on base; Phoenix 0 - Kennesaw 4
TOP OF THE 5TH
Phoenix Hotspur U-21 batting - Pitching for Kennesaw Jets : RHP Roger Murdock
Batting: RHB Julián De Paz 0-0: Ball
1-0: Fly out, F8 (Flyball, 8LM)
Batting: RHB Juan Negrete 0-0: Ball
1-0: Called Strike
1-1: Called Strike
1-2: Foul Ball, location: 2F
1-2: Foul Ball, location: 2F
1-2: Foul Ball, location: 2F
1-2: Foul Ball, location: 2F
1-2: Ball
2-2: Foul Ball, location: 2F
2-2: Ball
3-2: Base on Balls
Batting: RHB Germán Alfaro 0-0: Called Strike
0-1: Swinging Strike
0-2: Foul Ball, location: 2F
0-2: Ball
1-2: Ball
2-2: Foul Ball, location: 2F
2-2: Ball
3-2: Foul Ball, location: 2F
3-2: Strikes out swinging
Batting: LHB Corey Ferguson 0-0: Called Strike
0-1: Fly out, F8 (Line Drive, 89M)
Top of the 5th over - 0 run(s), 0 hit(s), 0 error(s), 1 left on base; Phoenix 0 - Kennesaw 4
BOTTOM OF THE 5TH
Kennesaw Jets batting - Pitching for Phoenix Hotspur U-21 : LHP José Santiago
Batting: RHB Enoch Reinhardt 0-0: Swinging Strike
0-1: Fly out, F2 (Popup, 23)
Batting: LHB Pedro Corona 0-0: Ball
1-0: Ball
2-0: Foul Ball, location: 2F
2-1: Swinging Strike
2-2: Ball
3-2: Strikes out swinging
Batting: RHB Vic Richards 0-0: Ball
1-0: Called Strike
1-1: Swinging Strike
1-2: Strikes out swinging
Bottom of the 5th over - 0 run(s), 0 hit(s), 0 error(s), 0 left on base; Phoenix 0 - Kennesaw 4
TOP OF THE 6TH
Phoenix Hotspur U-21 batting - Pitching for Kennesaw Jets : RHP Roger Murdock
Batting: RHB Bill Erickson 0-0: Ball
1-0: Fly out, F7 (Flyball, 7)
Batting: RHB Solomon Norment 0-0: Called Strike
0-1: Ball
1-1: Single, Error in OF, E8, batter to second base
Batting: LHB Tyler Kinjeketile 0-0: Called Strike
0-1: Swinging Strike
0-2: Fly out, F8 (Flyball, 8RM)
Batting: RHB Elvis Norfleet 0-0: Foul Ball, location: 2F
0-1: Ball
1-1: Ball
2-1: Called Strike
2-2: Strikes out looking
Top of the 6th over - 0 run(s), 1 hit(s), 1 error(s), 1 left on base; Phoenix 0 - Kennesaw 4
BOTTOM OF THE 6TH
Kennesaw Jets batting - Pitching for Phoenix Hotspur U-21 : LHP José Santiago
Batting: SHB Pat Sargent 0-0: Ball
1-0: Called Strike
1-1: Swinging Strike
1-2: Ball
2-2: Hit by Pitch
Batting: RHB Omar Durán 0-0: Sac Bunt - play at second, runner OUT! 1-6
Batting: RHB Bartolo Rosas 0-0: Ball
1-0: Foul Ball, location: 2F
1-1: SINGLE (Groundball, 56) (infield hit)
Omar Durán to second
Batting: RHB Gerardo Maldonado 0-0: Ball
Omar Durán steals 3rd base
Bartolo Rosas to second
1-0: Ball
2-0: Fly out, F9 (Flyball, 89M)
Runner from 3rd tags up, SCORES, no throw
Batting: RHB Raúl Francisco 0-0: Swinging Strike
0-1: Ball
1-1: Swinging Strike
1-2: Foul Ball, location: 2F
1-2: Strikes out swinging
Bottom of the 6th over - 1 run(s), 1 hit(s), 0 error(s), 1 left on base; Phoenix 0 - Kennesaw 5
TOP OF THE 7TH
Phoenix Hotspur U-21 batting - Pitching for Kennesaw Jets : RHP Roger Murdock
Batting: SHB Huey Wood 0-0: Called Strike
0-1: Ball
1-1: Called Strike
1-2: SINGLE (Groundball, 34D)
Batting: RHB Julián De Paz 0-0: Ball
1-0: Called Strike
1-1: Called Strike
1-2: Foul Ball, location: 2F
1-2: Ball
2-2: Fly out, F4 (Popup, 4MD)
Batting: RHB Juan Negrete 0-0: Called Strike
0-1: Fly out, F6 (Line Drive, 6)
Batting: RHB Germán Alfaro 0-0: Called Strike
Huey Wood steals 2nd base
0-1: Foul Ball, location: 2F
0-2: Ball
1-2: Ground out 1-3 (Groundball, P)
Top of the 7th over - 0 run(s), 1 hit(s), 0 error(s), 1 left on base; Phoenix 0 - Kennesaw 5
BOTTOM OF THE 7TH
Kennesaw Jets batting - Pitching for Phoenix Hotspur U-21 : LHP José Santiago
Pitching: LHP Pancho Campos
Batting: LHB Manuel Márquez 0-0: Swinging Strike
0-1: Ball
1-1: Called Strike
1-2: Strikes out swinging
Batting: RHB Enoch Reinhardt 0-0: SINGLE (Line Drive, 56D)
Batting: LHB Pedro Corona 0-0: Called Strike
0-1: Ball
1-1: Called Strike
1-2: Ball
Throwing error on steal attempt, E2
Enoch Reinhardt to third
2-2: Strikes out swinging
Batting: RHB Vic Richards 0-0: Called Strike
0-1: Fly out, F4 (Line Drive, 4M)
Bottom of the 7th over - 0 run(s), 1 hit(s), 1 error(s), 1 left on base; Phoenix 0 - Kennesaw 5
TOP OF THE 8TH
Phoenix Hotspur U-21 batting - Pitching for Kennesaw Jets : RHP Roger Murdock
Now at C: Shannon Corzo
Batting: LHB Corey Ferguson 0-0: Ground out 4-3 (Groundball, 4)
Batting: RHB Bill Erickson 0-0: Ball
1-0: Called Strike
1-1: Foul Ball, location: 2F
1-2: Ball
2-2: Ball
3-2: Foul Ball, location: 2F
3-2: Fly out, F8 (Flyball, 8LD)
Batting: RHB Solomon Norment 0-0: Ball
1-0: Ball
2-0: Foul Ball, location: 2F
2-1: Ball
3-1: Foul Ball, location: 2F
3-2: DOUBLE (Line Drive, 8RXD)
Pitching: LHP Troy Thorn
Batting: LHB Tyler Kinjeketile 0-0: Ball
1-0: Called Strike
1-1: Foul Ball, location: 2F
1-2: Strikes out swinging
Top of the 8th over - 0 run(s), 1 hit(s), 0 error(s), 1 left on base; Phoenix 0 - Kennesaw 5
BOTTOM OF THE 8TH
Kennesaw Jets batting - Pitching for Phoenix Hotspur U-21 : LHP Pancho Campos
Batting: SHB Pat Sargent 0-0: Foul Ball, location: 2F
0-1: Ball
1-1: Fly out, F3 (Popup, 3L)
Batting: RHB Omar Durán 0-0: Ball
1-0: Called Strike
1-1: Ground out 4-3 (Groundball, 4)
Batting: RHB Bartolo Rosas 0-0: Ball
1-0: Ground out 5-3 (Groundball, 5)
Bottom of the 8th over - 0 run(s), 0 hit(s), 0 error(s), 0 left on base; Phoenix 0 - Kennesaw 5
TOP OF THE 9TH
Phoenix Hotspur U-21 batting - Pitching for Kennesaw Jets : LHP Troy Thorn
Pitching: RHP Jim Unknown
Batting: RHB Elvis Norfleet 0-0: Ball
1-0: Ball
2-0: Ground out 6-3 (Groundball, 6)
Batting: SHB Huey Wood 0-0: Ground out 4-3 (Groundball, 34)
Batting: RHB Julián De Paz 0-0: Ball
1-0: Called Strike
1-1: Ball
2-1: Swinging Strike
2-2: Foul Ball, location: 2F
2-2: Ball
3-2: Foul Ball, location: 2F
3-2: Strikes out looking
Top of the 9th over - 0 run(s), 0 hit(s), 0 error(s), 0 left on base; Phoenix 0 - Kennesaw 5
Monday, March 20th, 2017 - OOTP Baseball 17.12 Build 75